Map: Ulrena

Players

Shagat

  • Race: Zerg Zerg
  • League: Diamond

ChuChiRa - Winner!

  • Race: Zerg Zerg
  • League: Diamond

VOD

Have the link to the VOD?

Description

Time

  • Played on: Dec. 8, 2015, 12:21 p.m.
  • Length: 16:12
Show
View Real Time Build Order
Export as new Build Order

Shagat Zerg 

Build Orders: Hatch First 

Get SALT Encoding   

  12  0:02  Drone  
  13  0:14  Overlord  
  13  0:21  Drone  
  14  0:32  Drone x2  
  16  0:36  Drone  
  17  0:54  Hatchery  
  16  1:08  Spawning Pool  
  16  1:09  Drone  
  16  1:13  Drone  
  17  1:19  Drone  
  17  1:20  Extractor  
  17  1:29  Overlord  
  17  1:36  Drone  
  18  1:43  Drone  
  19  1:57  Zergling x2  
  19  1:59  Queen  
  19  2:00  Spine Crawler  
  21  2:06  Zergling x4  
  23  2:15  Zergling x2  
  24  2:18  Zergling x2  
  25  2:26  Metabolic Boost  
  25  2:35  Zergling x2  
  26  2:38  Queen  
  28  2:44  Zergling x2  
  28  2:46  Overlord  
  29  3:13  Queen  
  20  3:23  Zergling x2  
  21  3:32  Zergling x2  
  21  3:33  Baneling Nest  
  21  3:40  Zergling x2  
  22  3:57  Zergling x2  
  22  3:58  Zergling x6  
  26  4:15  Zergling x2  
  27  4:22  Baneling x2  
  27  4:23  Baneling x4  
  27  4:26  Zergling x8  
  31  4:38  Zergling x2  
  28  5:06  Zergling x2  
  29  5:07  Zergling x4  
  27  5:14  Hatchery  
  27  5:19  Zergling x2  
  23  5:35  Zergling x6  
  26  5:40  Baneling x2  
  26  5:42  Baneling  
  25  5:50  Zergling x2  
  26  6:20  Hatchery  
  25  6:27  Drone  
  25  6:29  Drone  
  24  6:50  Zergling x2  
  24  6:51  Zergling x6  
  24  6:54  Baneling  
  24  6:57  Drone  
  25  7:05  Drone x2  
  24  7:25  Drone x2  
  26  7:31  Queen  
  28  7:45  Drone  
  28  7:46  Drone x3  
  29  7:59  Zergling x2  
  29  8:02  Queen  
  32  8:12  Overlord  
  32  8:29  Drone x3  
  32  8:30  Drone  
  32  8:31  Overlord  
  36  8:36  Baneling  
  36  8:37  Baneling  
  36  8:41  Spine Crawler  
  36  8:42  Spine Crawler, Zergling x2  
  36  8:43  Zergling x2  
  36  8:52  Zergling x2  
  36  8:53  Zergling x6  
  39  9:07  Queen  
  39  9:08  Zergling x4  
  43  9:15  Zergling x4  
  43  9:16  Zergling x4  
  47  9:21  Baneling x4  
  47  9:22  Zergling x2  
  47  9:23  Zergling x2  
  49  9:37  Zergling x2  
  49  9:38  Zergling x2  
  40  9:49  Zergling x2  
  40  9:50  Zergling x8  
  38  9:54  Zergling x2  
  39  10:03  Zergling x2  
  39  10:04  Zergling x6  
  41  10:13  Zergling x2  
  41  10:27  Zergling x2  
  41  10:28  Zergling x4  
  39  10:40  Drone  
  39  10:41  Roach Warren, Drone x3  
  39  10:42  Evolution Chamber  
  41  10:56  Baneling x4  
  41  10:57  Zergling x8  
  45  11:07  Zergling x2  
  45  11:08  Zergling x2  
  47  11:15  Zergling x2  
  48  11:25  Zergling x2  
  49  11:26  Zergling x2  
  49  11:27  Zerg Missile Weapons Level 1  
  49  11:31  Extractor  
  49  11:46  Roach  
  51  11:48  Extractor  
  50  11:56  Overlord  
  50  11:57  Overlord x3  
  50  12:14  Ravager  
  50  12:15  Roach x4  
  59  12:17  Zergling x4  
  61  12:32  Roach x5  
  61  12:33  Zergling x2  
  74  12:44  Roach  
  74  12:46  Overlord  
  74  13:00  Hatchery  
  62  13:24  Roach  
  62  13:25  Roach x5  
  72  13:37  Ravager  
  72  13:38  Ravager x3  
  75  13:45  Roach x2  
  75  13:46  Roach  
  81  13:58  Ravager  
  81  13:59  Ravager  
  81  14:02  Extractor  
  82  14:03  Overlord  
  82  14:09  Overlord  
  80  14:43  Roach x5  
  89  14:56  Drone x3  
  80  15:19  Roach  
  80  15:20  Roach x2  
  86  15:30  Drone x3  
  86  15:32  Drone  
  85  15:42  Roach  
Show
View Real Time Build Order
Export as new Build Order

ChuChiRa Zerg - Winner!

Build Orders: Pool First, Zergling Baneling 

Get SALT Encoding   

  12  0:01  Drone  
  13  0:14  Extractor  
  12  0:26  Spawning Pool  
  12  0:28  Drone  
  12  0:33  Drone  
  13  0:41  Drone  
  14  0:51  Overlord  
  14  1:13  Zergling x6  
  17  1:18  Metabolic Boost  
  17  1:25  Zergling x2  
  18  1:31  Queen  
  20  1:39  Zergling x2  
  21  1:49  Zergling x2  
  21  1:51  Baneling Nest  
  21  1:57  Zergling x2  
  22  2:08  Overlord  
  22  2:29  Drone x2  
  24  2:30  Queen  
  26  2:40  Baneling x4  
  26  2:42  Baneling  
  26  2:44  Drone  
  26  2:47  Drone  
  28  2:51  Drone  
  27  3:19  Zergling x12  
  28  3:24  Queen  
  30  3:34  Overlord  
  30  3:57  Hatchery  
  29  4:02  Zergling x2  
  29  4:03  Zergling x6  
  32  4:19  Baneling x3  
  32  4:20  Zergling x4  
  34  4:26  Zergling x6  
  34  5:03  Zergling x8  
  37  5:26  Zergling x6  
  31  5:28  Baneling  
  31  5:29  Baneling x6  
  30  5:42  Roach Warren  
  29  5:43  Hatchery  
  29  5:48  Evolution Chamber  
  27  6:09  Zergling x2  
  27  6:10  Zergling x10  
  33  6:19  Baneling x4  
  33  6:24  Drone  
  34  6:43  Hatchery  
  32  6:52  Drone x4  
  35  6:59  Roach  
  37  7:22  Zergling x6  
  41  7:30  Roach x2  
  41  7:32  Overlord x2  
  43  7:50  Roach  
  43  7:51  Roach  
  45  7:59  Zergling x6  
  48  8:06  Queen  
  48  8:08  Zerg Melee Weapons Level 1  
  50  8:24  Drone  
  50  8:25  Drone x4, Extractor  
  54  8:46  Roach x3  
  54  8:48  Zergling x4  
  61  8:53  Baneling  
  61  9:07  Zergling x10  
  66  9:11  Baneling  
  66  9:26  Overlord x4  
  42  9:53  Roach x3  
  42  9:54  Roach x2  
  46  10:05  Zergling x6  
  46  10:06  Zergling x2  
  46  10:15  Lair  
  46  10:21  Zergling x2  
  46  10:22  Zergling x4  
  46  10:26  Baneling  
  46  10:36  Drone x4  
  46  10:42  Baneling x3  
  50  10:54  Roach x2  
  50  10:55  Zergling x2  
  50  10:56  Zergling x4  
  57  11:13  Roach  
  57  11:14  Roach x2  
  63  11:20  Extractor  
  63  11:22  Extractor  
  61  11:35  Hatchery  
  60  11:50  Ravager x2  
  62  11:58  Drone  
  62  11:59  Drone x9  
  72  12:06  Ravager  
  73  12:12  Glial Reconstitution  
  73  12:26  Ravager  
  74  12:39  Roach x7  
  74  12:41  Zergling x2  
  88  12:59  Zergling x2  
  88  13:00  Zergling x14  
  92  13:25  Roach x6  
  103  13:40  Ravager x2  
  103  13:42  Overlord x3  
  103  13:44  Baneling  
  103  13:45  Baneling  
  103  13:46  Baneling x3  
  103  13:51  Zerg Missile Weapons Level 1  
  103  14:02  Ravager x3  
  106  14:04  Zergling x6  
  106  14:05  Zergling x2  
  110  14:17  Roach  
  110  14:18  Roach x3  
  116  14:44  Roach x8  
  124  14:54  Overseer  
  119  15:10  Roach x6  
  128  15:24  Overlord x3  
  128  15:25  Evolution Chamber  
  124  15:44  Hydralisk Den  
  124  15:45  Zergling x12  
  129  15:52  Drone  
  129  15:53  Drone x2  
Tags
 
Add a new tag
Caveats
  • Supply blocks, unpowered buildings, or Contaminate may cause inaccurate times.
  • Supply counts are checked every 10 seconds.